 Dungeon Crawl Stone Soup version 0.24-a0-102-g7635c99 (webtiles) character file.

Game seed: 12620516962641042219

1409 emperorscorpion the Covered (level 8, 0/61 HPs)
             Began as a Demonspawn Fighter on Feb 12, 2019.
             Was a Follower of Cheibriados.
             Slain by a centaur (2 damage)
             ... on level 7 of the Dungeon.
             The game lasted 00:07:05 (7752 turns).

emperorscorpion the Covered (Demonspawn Fighter)    Turns: 7752, Time: 00:07:07

Health: 0/61       AC: 11    Str: 21    XL:     8   Next: 42%
Magic:  8/8        EV:  9    Int: 13    God:    Cheibriados [*.....]
Gold:   307        SH: 10    Dex: 16    Spells: 7/7 levels left

rFire    . . .     SeeInvis .   E - +6 falchion of the Heavens {freeze, rC+}
rCold    + . .     Gourm    .   c - +0 shield
rNeg     . . .     Faith    .   b - +1 scale mail
rPois    +         Spirit   .   r - +0 helmet
rElec    .         Reflect  .   (no cloak)
rCorr    .         Harm     .   (no gloves)
MR       +....                  (no boots)
Stlth    +.........             (no amulet)
HPRegen  0.20/turn              w - ring of poison resistance
MPRegen  0.11/turn              y - ring of protection from magic

@: very slow
A: claws 1, iridescent scales 1, nightstalker 1, powered by pain 1
a: Bend Time, Renounce Religion


You were on level 7 of the Dungeon.
You worshipped Cheibriados.
Cheibriados was aware of your devotion.
You were not hungry.

You visited 2 branches of the dungeon, and saw 8 of its levels.

You collected 307 gold pieces.

Inventory:

Hand Weapons
 a - a +1 war axe
 E - the +6 falchion of the Heavens (weapon) {freeze, rC+}
   (You found it on level 5 of the Dungeon)

   It has been specially enchanted to freeze those struck by it, causing extra
   injury to most foes and up to half again as much damage against particularly
   susceptible opponents.
   It can also slow down cold-blooded creatures.
   It protects you from cold.
Missiles
 h - 11 poisoned needles
Armour
 b - a +1 scale mail (worn)
 c - a +0 shield (worn)
 r - a +0 helmet (worn)
 t - a +2 ring mail of cold resistance
Jewellery
 g - an uncursed amulet of the gourmand {unknown}
 w - a ring of poison resistance (left claw)
 y - a ring of protection from magic (right claw)
 z - an uncursed ring of fire
Wands
 m - a wand of paralysis (10)
 p - a wand of iceblast (9)
Scrolls
 e - 2 scrolls of enchant armour
 k - a scroll of fog
 l - a scroll of amnesia
 v - 3 scrolls of remove curse
 A - 2 scrolls of identify
 B - 2 scrolls of teleportation
 F - a scroll of brand weapon {unknown}
Potions
 d - a potion of might
 j - 3 potions of curing
 n - a potion of berserk rage
 o - a potion of lignification {unknown}
 q - a potion of brilliance
 s - 2 potions of magic
 u - 3 potions of heal wounds {unknown}
 C - a potion of ambrosia {unknown}
Comestibles
 f - 14 rations
 i - 3 chunks of flesh


   Skills:
 + Level 4.9 Fighting
 + Level 2.8 Long Blades
 - Level 5.0 Axes
 + Level 1.1 Throwing
 + Level 5.4 Armour
 + Level 1.8 Dodging
 + Level 4.7 Shields


You had 7 spell levels left.
You didn't know any spells.
Your spell library contained the following spells:

 Spells                   Type           Power        Failure   Level  Hunger
 Corona                   Hex            #......      96%         1    ##.....
 Magic Dart               Conj           #...         96%         1    ##.....
 Ensorcelled Hibernation  Hex/Ice        #.....       99%         2    ###....
 Searing Ray              Conj           #.....       99%         2    ###....
 Confuse                  Hex            #.......     100%        3    ####...
 Dazzling Spray           Conj/Hex       #.....       100%        3    ####...
 Tukima's Dance           Hex            #.......     100%        3    ####...
 Force Lance              Conj/Tloc      #.......     100%        4    #####..
 Fulminant Prism          Conj/Hex       #.........   100%        4    #####..
 Iskenderun's Mystic Bla  Conj           #.......     100%        4    #####..


Dungeon Overview and Level Annotations

Branches:
Dungeon (7/15)             Temple (1/1) D:4

Altars:
Ashenzari
Cheibriados
Dithmenos
Elyvilon
Fedhas
Hepliaklqana
Kikubaaqudgha
Makhleb
Nemelex Xobeh
Okawaru
Qazlal
Ru
Sif Muna
Trog
Uskayaw
Vehumet
Wu Jian
Xom
Yredelemnul
Zin
The Shining One

Shops:
D:7 (


Innate Abilities, Weirdness & Mutations

You have sharp fingernails.
You are partially covered in iridescent scales. (AC +2)
You are slightly more attuned to the shadows.
You sometimes gain a little power by taking damage.


Message History

You hit the centaur. You freeze the centaur.
The centaur is heavily wounded.
The bullfrog barely misses you.
You riposte.
You hit the bullfrog.
The bullfrog seems to slow down.
You freeze the bullfrog.
The bullfrog is moderately wounded.
The centaur barely misses you. The bullfrog barely misses you.
The orc hits you but does no damage. The bullfrog hits you.
* * * LOW HITPOINT WARNING * * *
The orc completely misses you.
You riposte.
You slash the orc! You freeze the orc.
You kill the orc!
Cheibriados thoroughly appreciates the change of pace.
You block the centaur's attack.
Unknown command.
Unknown command.
You hit the centaur. You freeze the centaur.
The centaur is almost dead.
The bullfrog hits you but does no damage.
The centaur hits you.
You die...

.....#.#..[) .............
..#...................)#
>.....................##
.......................#
#......................
#.....a....#...........
...#...ohFc...#....∩......
........ro@....#..<........
.....##...F(.#..............
............?# .............
............####....##......
..........### .....###.....
..........### ##..##........
............###.............
#.##..##....##..#..........
#.......................


You could see 2 bullfrogs, a centaur, a hound, a worker ant, an orc priest, an
orc and a quokka.

Vanquished Creatures
  Sigmund (D:2)
  A water moccasin (D:7)
  A phantom (D:6)
  A centaur (D:6)
  A big kobold (D:5)
  Blork the orc (D:4)
  A bullfrog (D:7)
  A gnoll sergeant (D:7)
  A scorpion (D:4)
  A water moccasin skeleton (D:4)
  2 howler monkeys (D:7)
  2 vampire bats (D:2)
  A hound (D:7)
  2 orc wizards (D:5)
  Jessica (D:2)
  Natasha (D:2)
  A worker ant (D:7)
  A hound skeleton (D:7)
  Robin (D:2)
  7 adders
  9 gnolls
  2 oozes (D:2)
  An adder zombie (D:6)
  2 adder skeletons
  3 worms (D:2)
  2 dart slugs
  2 leopard geckos
  7 orcs
  4 bat skeletons (D:2)
  3 giant cockroaches
  18 goblins
  11 hobgoblins
  2 jackals (D:6)
  14 kobolds
  4 quokkas
  6 bats
  5 frilled lizards
  7 rats
131 creatures vanquished.

Notes
Turn   | Place    | Note
-------+----------+-------------------------------------------
     0 | D:1      | emperorscorpion the Demonspawn Fighter began the quest for
                  | the Orb.
     0 | D:1      | Reached XP level 1. HP: 18/18 MP: 1/1
   131 | D:1      | Gained mutation: You are partially covered in iridescent
                  | scales. (AC +2) [demonic ancestry]
   131 | D:1      | Reached XP level 2. HP: 24/24 MP: 2/2
  1198 | D:2      | Reached XP level 3. HP: 28/29 MP: 3/3
  1465 | D:2      | Found an ancient bone altar of Kikubaaqudgha.
  1472 | D:2      | Gained mutation: You sometimes gain a little power by
                  | taking damage. [demonic ancestry]
  1472 | D:2      | Reached XP level 4. HP: 35/35 MP: 4/4
  1518 | D:2      | Gained mutation: You have sharp fingernails. [demonic
                  | ancestry]
  1518 | D:2      | Reached XP level 5. HP: 41/41 MP: 5/5
  1522 | D:2      | Noticed Robin
  1533 | D:2      | Killed Robin
  1588 | D:2      | Noticed Natasha
  1594 | D:2      | Killed Natasha
  1723 | D:2      | Found an ornate altar of the Wu Jian Council.
  1870 | D:2      | Noticed Sigmund
  1895 | D:2      | Killed Sigmund
  1895 | D:2      | Gained mutation: You are slightly more attuned to the
                  | shadows. [demonic ancestry]
  1895 | D:2      | Reached XP level 6. HP: 25/48 MP: 6/6
  2190 | D:2      | Reached skill level 1 in Dodging
  2342 | D:2      | Noticed Jessica
  2351 | D:2      | Killed Jessica
  3285 | D:4      | Noticed Blork the orc
  3297 | D:4      | Killed Blork the orc
  3505 | D:4      | Reached XP level 7. HP: 38/54 MP: 7/7
  3996 | D:4      | Found a staircase to the Ecumenical Temple.
  4011 | Temple   | Entered the Ecumenical Temple
  4202 | Temple   | Became a worshipper of Cheibriados the Contemplative
  4293 | D:4      | Found a snail-covered altar of Cheibriados.
  4532 | D:5      | Entered Level 5 of the Dungeon
  4557 | D:5      | Reached skill level 5 in Axes
  4906 | D:5      | Got an encrusted falchion
  4913 | D:5      | Identified the +6 falchion of the Heavens {freeze, rC+}
                  | (You found it on level 5 of the Dungeon)
  5352 | D:5      | Found a blossoming altar of Fedhas.
  5353 | D:5      | Found a shadowy altar of Dithmenos.
  5819 | D:6      | Reached * piety under Cheibriados
  6099 | D:6      | Reached skill level 1 in Long Blades
  6322 | D:6      | Found a glowing golden altar of the Shining One.
  6467 | D:6      | Found a stormy altar of Qazlal.
  6721 | D:6      | Found a deep blue altar of Sif Muna.
  7109 | D:6      | Found a sacrificial altar of Ru.
  7255 | D:7      | Found Pothremm's Antique Weapon Shoppe.
  7266 | D:7      | Reached skill level 5 in Armour
  7266 | D:7      | Reached XP level 8. HP: 44/61 MP: 8/8
  7745 | D:7      | Reached skill level 1 in Throwing
  7750 | D:7      | HP: 2/61 [bullfrog (6)]
  7752 | D:7      | Slain by a centaur

Levels and vault maps discovered:
D:1:      lemuel_arrival_behind_the_door_large, layout_basic
D:2:      layout_basic, kennysheep_vampire_church,
          nicolae_overflow_hidden_temple, first_ration, uniq_robin,
          uniq_jessica, uniq_sigmund, uniq_natasha
D:3:      layout_loops_corners
D:4:      layout_loops_ring, minmay_temple_entry_overgrown,
          kennysheep_slug_shrine, uniq_blork_the_orc
D:5:      layout_layer_cave, chequers_temple_overflow_statue_of_worship
D:6:      layout_layer_cave, old_standard_altar, lemuel_round_altar,
          lemuel_coloured_pillars_altar, grunt_qazlal_sundering
D:7:      layout_cave_pools, serial_shops, shop, serial_bayou_lake_a
Temple:   nicolae_temple_figure_eight

Skill      XL: |  1  2  3  4  5  6  7  8 |
---------------+-------------------------+-----
Armour         | 3 4 5 |  5.4
Axes           | 2 3 4 5 |  5.0
Shields        | 3 4 |  4.7
Dodging        | 1 |  1.8
Fighting       | 4 |  4.9
Long Blades    | 1 2 |  2.8
Throwing       | 1 |  1.1

Action                   |  1- 3 |  4- 6 |  7- 9 || total
-------------------------+-------+-------+-------++-------
Melee: War axe           |    94 |   144 |    56 ||   294
       Falchion          |       |       |   124 ||   124
Throw: Javelin           |       |       |     4 ||     4
Invok: Bend Time         |       |       |     1 ||     1
Evoke: Wand              |       |       |     1 ||     1
  Use: Potion            |       |     3 |       ||     3
       Scroll            |       |       |    15 ||    15
  Eat: Chunk             |     2 |     7 |     8 ||    17
       Ration            |       |       |     1 ||     1
Armor: Scale mail        |    47 |    61 |    97 ||   205
Dodge: Dodged            |    37 |    53 |    84 ||   174
Block: Shield            |    52 |    66 |   149 ||   267
       Rpst.: Falchion   |       |       |    13 ||    13

Table legend:
 A = Non-vault XP
 B = Vault XP
 C = Vault XP percentage of total XP
 D = Non-vault monster count
 E = Vault monster count
 F = Vault count percentage of total count
                 A         B        C        D         E       F
            +---------+---------+-------+---------+---------+-------
      Total |    1480 |     534 |  26.5 |     107 |      24 |  18.3
            +---------+---------+-------+---------+---------+-------
        D:1 |      38 |       0 |   0.0 |      22 |       0 |   0.0
        D:2 |      77 |     436 |  85.0 |      29 |      22 |  43.1
        D:3 |      32 |       0 |   0.0 |       5 |       0 |   0.0
        D:4 |     174 |      98 |  36.0 |       7 |       2 |  22.2
        D:5 |     198 |       0 |   0.0 |      13 |       0 |   0.0
        D:6 |     327 |       0 |   0.0 |      11 |       0 |   0.0
        D:7 |     634 |       0 |   0.0 |      20 |       0 |   0.0
            +---------+---------+-------+---------+---------+-------
